Map: [ESL] Data-C

Players

Harstem

  • Race: Protoss Protoss
  • League: Master
  • Spawn Location: 3:00

Serral - Winner!

  • Race: Zerg Zerg
  • Spawn Location: 9:00

Event: HomeStory Cup XXII

VOD

Have the link to the VOD?

Description

Time

  • Played on: Dec. 15, 2022, 2:23 p.m.
  • Length: 4:45

All games in this series

Show
View Real Time Build Order
Export as new Build Order

Harstem Protoss 

Build Orders: 1 Gate Expand, Oracle Opening 

Get SALT Encoding   

  12  0:00  Probe  
  13  0:12  Probe  
  14  0:17  Pylon  
  14  0:24  Probe (Chrono Boost)  
  14  0:28  Assimilator  
  15  0:36  Probe (Chrono Boost)  
  16  0:45  Probe (Chrono Boost)  
  16  0:46  Gateway  
  17  0:51  Probe  
  18  1:03  Probe  
  19  1:16  Probe  
  20  1:25  Nexus  
  20  1:34  Cybernetics Core  
  20  1:37  Probe  
  21  1:42  Assimilator  
  21  1:49  Probe  
  21  1:52  Pylon  
  22  2:01  Probe  
  23  2:14  Adept (Chrono Boost)  
  26  2:15  Probe  
  26  2:18  Pylon  
  26  2:26  Stargate  
  27  2:46  Pylon  
  27  2:49  Probe  
  26  2:54  Probe  
  27  2:59  Adept  
  27  3:01  Probe  
  28  3:07  Probe  
  28  3:12  Oracle (Chrono Boost)  
  29  3:18  Probe  
  33  3:21  Probe  
  34  3:32  Probe  
  34  3:33  Probe  
  36  3:40  Oracle (Chrono Boost)  
  36  3:44  Probe  
  36  3:45  Probe  
  41  3:52  Pylon  
  41  3:56  Probe  
  41  3:58  Probe  
  43  4:06  Oracle (Chrono Boost)  
  46  4:10  Probe x2  
  48  4:22  Probe  
  48  4:23  Probe  
Show
View Real Time Build Order
Export as new Build Order

Serral Zerg - Winner!

Build Orders: Pool First 

Get SALT Encoding   

  12  0:00  Drone  
  13  0:07  Drone  
  13  0:13  Extractor  
  13  0:14  Drone  
  15  0:23  Overlord  
  15  0:36  Spawning Pool  
  15  0:41  Drone  
  15  0:44  Drone  
  15  0:47  Drone  
  17  1:08  Hatchery  
  16  1:12  Drone  
  17  1:23  Zergling x4  
  19  1:26  Zergling x2  
  19  1:31  Queen  
  19  1:32  Extractor  
  21  1:39  Overlord  
  21  1:48  Drone  
  22  1:58  Drone  
  23  2:07  Queen  
  25  2:09  Drone  
  26  2:21  Drone x2  
  28  2:30  Drone  
  28  2:31  Drone  
  28  2:36  Metabolic Boost  
  30  2:39  Drone x2  
  31  2:48  Hatchery  
  29  2:56  Queen  
  31  3:01  Overlord  
  31  3:03  Drone  
  33  3:05  Drone  
  33  3:07  Drone  
  33  3:10  Drone  
  35  3:13  Drone  
  35  3:17  Overlord  
  36  3:22  Queen  
  36  3:26  Drone  
  39  3:28  Drone  
  39  3:29  Drone  
  39  3:31  Drone  
  39  3:33  Drone  
  42  3:38  Queen  
  42  3:41  Drone  
  45  3:45  Overlord  
  45  3:49  Zergling x4  
  45  3:50  Zergling x2  
  45  3:52  Zergling x2  
  45  3:55  Zergling x2  
  50  4:05  Zergling x6  
  53  4:14  Drone  
  56  4:17  Drone  
  56  4:18  Drone  
  56  4:21  Overlord  
  56  4:22  Drone x2  
  56  4:23  Drone  
  61  4:29  Drone x3  
  63  4:34  Spore Crawler  
  63  4:35  Spore Crawler  
Tags
 
Add a new tag
Caveats
  • Supply blocks, unpowered buildings, or Contaminate may cause inaccurate times.
  • Supply counts are checked every 10 seconds.